 Dungeon Crawl Stone Soup version 0.26-a0-597-gb535b0901c (webtiles) character file.

Game seed: 8714707192169455620

2150 Alarkh the Grappler (level 9, 71/72 HPs)
             Began as a Demonspawn Gladiator on Sept 12, 2020.
             Was a Follower of Uskayaw.
             Got out of the dungeon alive.
             The game lasted 00:06:38 (6239 turns).

Alarkh the Grappler (Demonspawn Gladiator)          Turns: 6239, Time: 00:06:39

Health: 71/72      AC:  5    Str: 15    XL:     9   Next: 10%
Magic:  9/9        EV: 13    Int: 13    God:    Uskayaw [*.....]
Gold:   356        SH:  0    Dex: 19    Spells: 8/8 levels left

rFire    . . .     SeeInvis .     - Unarmed
rCold    . . .     Faith    .   (no shield)
rNeg     . . .     Spirit   +   D - +0 leather armour {rPois}
rPois    +         Reflect  .   (helmet restricted)
rElec    .         Harm     .   (no cloak)
rCorr    .                      A - +1 pair of gloves {Dex+3}
MR       .....                  (no boots)
Stlth    ++........             (no amulet)
HPRegen  0.22/turn              (no ring)
MPRegen  0.11/turn              (no ring)

@: no status effects
A: horns 2, thin skeletal structure 1, powered by death 2, magic shield
a: Stomp, Renounce Religion


You escaped.
You worshipped Uskayaw.
Uskayaw was noncommittal.
You visited 2 branches of the dungeon, and saw 7 of its levels.

You collected 356 gold pieces.

Inventory:

Missiles
 c - 2 throwing nets (quivered)
Armour
 A - a +1 pair of gloves of dexterity (worn)
 D - a +0 leather armour of poison resistance (worn)
 E - a +1 ring mail of magic resistance
Jewellery
 t - an uncursed ring of ice
Wands
 a - a wand of polymorph (20)
 k - a wand of acid (4)
 m - a wand of flame (8)
 C - a wand of iceblast (8)
Scrolls
 e - 4 scrolls of remove curse
 f - a scroll of enchant weapon
 i - a scroll of random uselessness
 j - 2 scrolls of blinking
 q - a scroll of amnesia {unknown}
 r - a scroll of identify
 v - a scroll of fear {unknown}
 w - a scroll of immolation
 y - a scroll of fog {unknown}
 z - a scroll of teleportation
Potions
 b - a potion of experience {unknown}
 d - 6 potions of curing
 h - a potion of heal wounds
 l - a potion of berserk rage
 n - a potion of invisibility
 o - a potion of flight
 s - 2 potions of degeneration
 u - a potion of resistance
 x - a potion of mutation {unknown}
 B - a potion of magic {unknown}


   Skills:
 + Level 7.0 Fighting
 - Level 1.7 Throwing
 - Level 2.6 Dodging
 * Level 9.5 Unarmed Combat


You had 8 spell levels left.
You didn't know any spells.
Your spell library was empty.

Dungeon Overview and Level Annotations

Branches:
Dungeon (6/15)             Temple (1/1) D:5

Altars:
Cheibriados
Dithmenos
Elyvilon
Gozag
Hepliaklqana
Kikubaaqudgha
Okawaru
Qazlal
Ru
Sif Muna
Trog
Uskayaw
Vehumet
Xom
Zin
The Shining One

Annotations:
D:5 1 runed translucent door, Lanoc's ghost, novice DsAK


Innate Abilities, Weirdness & Mutations

You have a pair of horns on your head.
You have a somewhat thin skeletal structure. (Dex +2, Stealth)
You regenerate health from kills.
When hurt, damage is shared between your health and your magic reserves.


Message History

There is a stone staircase leading down here.
There is a stone staircase leading up here.
You climb upwards.
There is a stone staircase leading down here.
HP restored.
There is a stone staircase leading up here.
You climb upwards.
There is a stone staircase leading down here.
You see here a stone.
You see here 5 atropa-tipped darts.
There is a stone staircase leading up here.
You climb upwards.
There is a stone staircase leading down here.
Done exploring.
There is an open door here.
The orc shouts!
The ogre shouts!
There is a staircase leading out of the dungeon here.
Are you sure you want to leave the Dungeon?
This will make you lose the game!
You have escaped!

#.# ######).#.# #
#.# #.........# #
#.# #.####..### #
### ### ####
####### ####
#^#Z#Z#######Z#Z
########V#^#o####
##.(....#######...
#@..............##
##.(........#####Z
############Z#e##
#Z#Z#O#Z#Z#####
########### ######
### #.##.# #.#
#.##.###.####
#............


You could see a spriggan skeleton.

Vanquished Creatures
  Grinder (D:6)
  Sigmund (D:5)
  Eustachio (D:5)
  Menkaure (D:6)
  Edmund (D:6)
  Duvessa (D:6)
  2 ice beasts
  An orc warrior (D:4)
  A phantom (D:5)
  2 ogres
  A centaur (D:5)
  A bullfrog (D:6)
  Blork the orc (D:6)
  A water moccasin skeleton (D:5)
  A scorpion (D:5)
  Dowan (D:6)
  A bullfrog zombie (D:6)
  2 orc wizards
  2 orc priests (D:4)
  5 worker ants
  9 adders
  A shadow imp (D:5)
  A white imp (D:5)
  An ufetubus (D:5)
  2 oozes
  An adder skeleton (D:5)
  A worm (D:3)
  3 dart slugs
  2 leopard geckos
  6 orcs
  A ball python (D:3)
  2 giant cockroaches
  11 goblins
  8 hobgoblins
  2 jackals (D:2)
  10 kobolds
  2 quokkas (D:2)
  4 bats
  3 frilled lizards
  A quokka skeleton (D:4)
  6 rats
105 creatures vanquished.

Vanquished Creatures (others)
  2 withered plants (D:5)
2 creatures vanquished.

Grand Total: 107 creatures vanquished

Notes
Turn   | Place    | Note
-------+----------+-------------------------------------------
     0 | D:1      | Alarkh the Demonspawn Gladiator began the quest for the
                  | Orb.
     0 | D:1      | Reached XP level 1. HP: 16/16 MP: 1/1
     1 | D:1      | Noticed a minotaur skeleton
     3 | D:1      | Noticed an ogre
     6 | D:1      | Noticed a vampire
    12 | D:1      | Noticed an elf
    18 | D:1      | Noticed a minotaur skeleton
   123 | D:1      | Reached skill level 3 in Unarmed Combat
   208 | D:1      | Gained mutation: You regenerate a little health from kills.
                  | [demonic ancestry]
   208 | D:1      | Reached XP level 2. HP: 11/22 MP: 2/2
  1086 | D:2      | Found a radiant altar of Vehumet.
  1112 | D:2      | Gained mutation: When hurt, damage is shared between your
                  | health and your magic reserves. [demonic ancestry]
  1112 | D:2      | Reached XP level 3. HP: 15/27 MP: 3/3
  1612 | D:2      | Found an ancient bone altar of Kikubaaqudgha.
  1702 | D:2      | Reached skill level 4 in Unarmed Combat
  1766 | D:2      | Gained mutation: You have a pair of small horns on your
                  | head. [demonic ancestry]
  1766 | D:2      | Reached XP level 4. HP: 32/34 MP: 4/4
  2412 | D:3      | Found a sacrificial altar of Ru.
  2754 | D:4      | Noticed an orc warrior
  2770 | D:4      | Reached XP level 5. HP: 17/41 MP: 0/5
  2771 | D:4      | Killed an orc warrior
  2771 | D:4      | Reached skill level 5 in Unarmed Combat
  3027 | D:4      | Found a glowing silver altar of Zin.
  3049 | D:4      | Reached XP level 6. HP: 43/48 MP: 6/6
  3057 | D:4      | Found a bloodstained altar of Trog.
  3774 | D:4      | Found a white marble altar of Elyvilon.
  3861 | D:4      | Reached skill level 6 in Unarmed Combat
  3899 | D:5      | Entered Level 5 of the Dungeon
  3899 | D:5      | Noticed Sigmund
  3903 | D:5      | Killed Sigmund
  3903 | D:5      | Gained mutation: You have a pair of horns on your head.
                  | [demonic ancestry]
  3903 | D:5      | Reached XP level 7. HP: 47/55 MP: 5/7
  4016 | D:5      | Found a runed translucent door.
  4017 | D:5      | Noticed Lanoc's ghost (novice DsAK)
  4633 | D:5      | Found a staircase to the Ecumenical Temple.
  4684 | D:5      | Noticed Eustachio
  4707 | D:5      | Killed Eustachio
  4707 | D:5      | Reached skill level 5 in Fighting
  4707 | D:5      | Reached skill level 7 in Unarmed Combat
  4931 | D:5      | Gained mutation: You regenerate health from kills. [demonic
                  | ancestry]
  4931 | D:5      | Reached XP level 8. HP: 14/63 MP: 1/8
  5086 | D:5      | Reached skill level 8 in Unarmed Combat
  5409 | Temple   | Entered the Ecumenical Temple
  5584 | Temple   | Became a worshipper of Uskayaw the Reveler
  5628 | D:6      | Noticed Menkaure
  5632 | D:6      | Reached * piety under Uskayaw
  5634 | D:6      | Noticed Blork the orc
  5635 | D:6      | Killed Menkaure
  5635 | D:6      | Reached ** piety under Uskayaw
  5641 | D:6      | Reached *** piety under Uskayaw
  5646 | D:6      | Reached **** piety under Uskayaw
  5649 | D:6      | Killed Blork the orc
  5649 | D:6      | Reached ***** piety under Uskayaw
  5831 | D:6      | Found a stormy altar of Qazlal.
  5851 | D:6      | Noticed Grinder
  5860 | D:6      | Killed Grinder
  5860 | D:6      | Reached skill level 9 in Unarmed Combat
  6032 | D:6      | Noticed Edmund
  6046 | D:6      | Killed Edmund
  6084 | D:6      | Noticed Dowan
  6085 | D:6      | Noticed Duvessa
  6092 | D:6      | Killed Dowan
  6092 | D:6      | Gained mutation: You have a somewhat thin skeletal
                  | structure. (Dex +2, Stealth) [demonic ancestry]
  6092 | D:6      | Reached XP level 9. HP: 63/71 MP: 5/9
  6099 | D:6      | Killed Duvessa
  6239 | D:$      | Got out of the dungeon alive.

Illustrated notes

Levels and vault maps discovered:
D:1:      shiori_arrival_whats_in_store_for_you, layout_loops_ring
D:2:      layout_basic, old_standard_altar, lemuel_zombie_altar_kikubaaqudgha
D:3:      layout_basic, old_standard_altar
D:4:      layout_loops_corners, nicolae_overflow_hidden_temple, kennysheep_mini,
          lemuel_doored_altar, hangedman_abyss_or_decor_stabs,
          serial_bayou_pond_e, minmay_ogre_servants
D:5:      minmay_chambers_of_threes, layout_layer_cave,
          minmay_temple_entry_drinking_statues, gammafunk_ghost_grave,
          uniq_sigmund, uniq_eustachio
D:6:      layout_gridville, kennysheep_mini_moat, grunt_temple_overflow_open,
          serial_shops, nicolae_shop_overgrown_old_shop, enter_ossuary_5,
          uniq_duvessa, uniq_grinder, uniq_menkaure, uniq_edmund,
          uniq_blork_the_orc
Temple:   chequers_temple_sunken

Skill      XL: |  1  2  3  4  5  6  7  8  9 |
---------------+----------------------------+-----
Unarmed Combat | 3 4 5 6 7 9 |  9.5
Fighting       | 3 4 5 6 7 |  7.0
Throwing       | |  1.7
Dodging        | |  2.6

Action                   |  1- 3 |  4- 6 |  7- 9 || total
-------------------------+-------+-------+-------++-------
Melee: Unarmed           |   146 |   138 |   155 ||   439
       Punch             |     2 |     5 |     6 ||    13
       Headbutt          |       |    32 |    29 ||    61
Throw: Throwing net      |       |       |     1 ||     1
Evoke: Wand              |     1 |     4 |       ||     5
  Use: Scroll            |     4 |       |     9 ||    13
       Potion            |     1 |     1 |     5 ||     7
 Stab: Sleeping          |     2 |       |       ||     2
       Distracted        |       |     1 |       ||     1
       Invisible         |       |       |     5 ||     5
       Paralysed         |       |       |     5 ||     5
Armor: Leather armour    |    40 |    17 |    32 ||    89
       Skin              |       |       |    29 ||    29
Dodge: Dodged            |    96 |    64 |   110 ||   270

Table legend: (Time is in decaauts)
 A = Elapsed time spent in this place.
 B = Non-inter-level travel time spent in this place.
 C = Inter-level travel time spent in this place.
 D = Time resting spent in this place.
 E = Time spent auto-exploring this place.
 F = Levels seen in this place.
 G = Mean time per level.
                   A        B        C        D        E       F      G
               +--------+--------+--------+--------+--------+-----+--------+
         Total |   6257 |   5867 |    390 |    577 |   4472 |   7 |  893.9 |
       Dungeon |   6027 |   5652 |    375 |    577 |   4259 |   6 | 1004.5 |
        Temple |    229 |    215 |     14 |      0 |    213 |   1 |  229.0 |
               +--------+--------+--------+--------+--------+-----+--------+

Top non-repeatable levels by time:
     D:5: 1577 daAuts
     D:4: 1231 daAuts
     D:2: 1130 daAuts
     D:1: 1038 daAuts
     D:3: 573 daAuts
     D:6: 476 daAuts
  Temple: 229 daAuts
